 Dungeon Crawl Stone Soup version 0.22-a0-283-g1871b15 (webtiles) character file.

3548 torrenera the Arsonist (level 9, 0/45 HPs)
             Began as a Deep Elf Fire Elementalist on Mar 19, 2018.
             Was an Initiate of Vehumet.
             Slain by Arum's ghost (13 damage)
             ... on level 7 of the Dungeon.
             The game lasted 00:21:21 (8697 turns).

torrenera the Arsonist (Deep Elf Fire Elementalist) Turns: 8697, Time: 00:21:21

Health: 0/45       AC:  4    Str:  5    XL:     9   Next: 83%
Magic:  14/25      EV: 13    Int: 24    God:    Vehumet [......]
Gold:   234        SH:  0    Dex: 15    Spells: 13/28 levels left

rFire    . . .     SeeInvis .   f - +0 war axe (elec)
rCold    . . .     Gourm    .   (no shield)
rNeg     . . .     Faith    .   a - +0 robe
rPois    .         Spirit   .   y - +0 helmet
rElec    .         Reflect  .   A - +0 cloak
rCorr    +         Harm     .   (no gloves)
MR       .....                  (no boots)
Stlth    ++........             (no amulet)
HPRegen  0.15/turn              w - ring of resist corrosion
MPRegen  0.19/turn              (no ring)

@: no status effects
A: no striking features
a: Renounce Religion


You were on level 7 of the Dungeon.
You worshipped Vehumet.
Vehumet was noncommittal.
You were hungry.

You visited 2 branches of the dungeon, and saw 9 of its levels.

You collected 234 gold pieces.

Inventory:

Hand Weapons
 f - a +0 war axe of electrocution (weapon)
 z - a +3 quarterstaff of chaos
Missiles
 k - 108 stones (quivered)
 l - 25 poisoned needles
Armour
 a - a +0 robe (worn)
 b - a +3 leather armour of magic resistance
 h - a +0 buckler
 y - a +0 helmet (worn)
 A - a +0 cloak (worn)
Jewellery
 o - an uncursed ring of positive energy {unknown}
 w - a ring of resist corrosion (left hand)
 x - an uncursed amulet of rage {unknown}
 B - a cursed -4 ring of strength {unknown}
Scrolls
 d - 6 scrolls of identify
 e - a scroll of silence {unknown}
 g - a scroll of teleportation
 q - a scroll of fog {unknown}
 r - 2 scrolls of enchant weapon {unknown}
 t - 3 scrolls of amnesia {unknown}
 u - a scroll of fear {unknown}
 C - a scroll of holy word {unknown}
 D - a scroll of enchant armour {unknown}
 G - a scroll of magic mapping
Potions
 i - a potion of resistance {unknown}
 j - a potion of agility {unknown}
 m - a potion of curing {unknown}
 n - a potion of magic {unknown}
 p - 3 potions of lignification
 s - a potion of cancellation
 v - 2 potions of heal wounds {unknown}
 E - a potion of degeneration {unknown}
 F - a potion of mutation {unknown}
Comestibles
 c - 14 rations


   Skills:
 - Level 2.4 Dodging
 - Level 2.4 Stealth
 - Level 10.0 Spellcasting
 * Level 9.0 Conjurations
 + Level 10.2 Fire Magic


You had 13 spell levels left.
You knew the following spells:

 Your Spells              Type           Power        Failure   Level  Hunger
a - Flame Tongue          Conj/Fire      #####        1%          1    None
b - Throw Flame           Conj/Fire      ######       1%          2    None
c - Conjure Flame         Conj/Fire      ######..     1%          3    None
d - Sticky Flame          Conj/Fire      ######..     1%          4    #......
e - Fireball              Conj/Fire      ######....   2%          5    ####...


Dungeon Overview and Level Annotations

Branches:
Dungeon (8/15)             Temple (1/1) D:6            Lair (0/6) D:8

Altars:
Cheibriados
Elyvilon
Gozag
Hepliaklqana
Kikubaaqudgha
Makhleb
Nemelex Xobeh
Okawaru
Ru
Trog
Uskayaw
Vehumet
Xom
Yredelemnul
Zin

Shops:
D:7 [

Annotations:
D:4 Amnesiac's ghost, novice DEWz
D:7 Arum's ghost, novice FoFi


Message History

Arum's ghost is engulfed in blazing flames.
Arum's ghost hits you!
You barely miss Arum's ghost.
Arum's ghost is lightly damaged.
Arum's ghost is engulfed in blazing flames.
Arum's ghost hits you.
Arum's ghost is engulfed in blazing flames.
Arum's ghost hits you.
You closely miss Arum's ghost.
Arum's ghost is moderately damaged.
Arum's ghost hits you.
You hit Arum's ghost but do no damage.
Arum's ghost is moderately damaged.
Arum's ghost is engulfed in blazing flames.
Arum's ghost screams, "You must not succeed where I failed!"
Arum's ghost hits you.
* * * LOW HITPOINT WARNING * * *
Arum's ghost is engulfed in blazing flames.
Arum's ghost hits you!
You die...

#............#.# #.##..### #.#.#
#.###.######.#.#.#.###.# #.#.#
#.#<#.# #.#.#.#.# #.## #.#.#
#.#.#.### #.#.#.#.###..#####.#.#
#.#.....# #.#.#.#............#.#
#.#.....####.#.#.######.###......
#.#..........#.#.# #..##....##
#.#..........#.#W# ##.##....#
#.#.#........#.#@### #..#....#
#.#..........#.....# ##.#....#
.............#.....# #..##.##
.............#.....# ##.##.#
............##..[..# #..#.#
............##.....# ##.#.#
######......##.....# #...#
#......##...$.# #####..###
##....###$.(..# #.........


You could see Arum's ghost.

Vanquished Creatures
  A two-headed ogre (D:8)
  Joseph (D:8)
  Prince Ribbit (D:6)
  Sigmund (D:5)
  Eustachio (D:5)
  Edmund (D:6)
  A sky beast (D:7)
  An orc warrior (D:6)
  A black bear (D:8)
  An ice beast (D:5)
  A phantom (D:7)
  3 centaurs (D:8)
  A bullfrog (D:8)
  A wyvern zombie (D:6)
  2 scorpions
  A howler monkey (D:5)
  3 crimson imps
  A hound (D:8)
  3 jellies
  Crazy Yiuf (D:6)
  A bullfrog zombie (D:7)
  6 orc priests
  A gnoll shaman (D:8)
  4 orc wizards
  2 iguanas
  3 worker ants
  A hound skeleton (D:8)
  5 gnolls (D:8)
  11 adders
  2 shadow imps
  2 worms
  3 leopard geckos
  22 orcs
  9 bats
  6 giant cockroaches
  2 goblins
  7 hobgoblins
  14 jackals
  5 kobolds
  2 quokkas
  2 ball pythons
  A ball python skeleton (D:4)
  5 frilled lizards
  A jackal skeleton (D:8)
  5 rats
149 creatures vanquished.

Notes
Turn   | Place    | Note
-------+----------+-------------------------------------------
     0 | D:1      | torrenera the Deep Elf Fire Elementalist began the quest for the Orb.
     0 | D:1      | Reached XP level 1. HP: 10/10 MP: 6/6
   108 | D:1      | Found a snail-covered altar of Cheibriados.
   134 | D:1      | Reached XP level 2. HP: 4/15 MP: 1/8
   772 | D:2      | Reached XP level 3. HP: 5/19 MP: 2/10
   999 | D:2      | Learned a level 2 spell: Throw Flame
  1003 | D:2      | Learned a level 3 spell: Conjure Flame
  1528 | D:2      | Reached XP level 4. HP: 24/24 MP: 7/12
  2006 | D:3      | Reached skill level 5 in Spellcasting
  2440 | D:3      | Reached XP level 5. HP: 28/28 MP: 5/15
  2520 | D:3      | Reached skill level 5 in Fire Magic
  3100 | D:4      | Noticed Amnesiac's ghost (novice DEWz)
  3442 | D:3      | Learned a level 4 spell: Sticky Flame
  3449 | D:4      | Reached XP level 6. HP: 32/32 MP: 14/18
  3588 | D:5      | Entered Level 5 of the Dungeon
  4002 | D:5      | Noticed Eustachio
  4345 | D:5      | Killed Eustachio
  4345 | D:5      | Reached XP level 7. HP: 21/36 MP: 5/20
  4555 | D:5      | Noticed Sigmund
  4651 | D:5      | Killed Sigmund
  5080 | D:6      | Reached skill level 10 in Spellcasting
  5100 | D:6      | Noticed Edmund
  5112 | D:6      | Killed Edmund
  5112 | D:6      | Reached XP level 8. HP: 40/41 MP: 21/24
  5608 | D:6      | Found a runed door.
  5906 | D:6      | Found a staircase to the Ecumenical Temple.
  5977 | D:6      | Noticed Prince Ribbit
  5986 | D:6      | Killed Prince Ribbit
  6354 | D:6      | Noticed Crazy Yiuf
  6361 | D:6      | Killed Crazy Yiuf
  6557 | D:7      | Found Bihaoni's Armour Boutique.
  6618 | D:7      | Reached skill level 5 in Conjurations
  6655 | D:7      | Noticed Arum's ghost (novice FoFi)
  7049 | D:8      | Reached XP level 9. HP: 45/45 MP: 16/25
  7263 | D:8      | Noticed Joseph
  7269 | D:8      | Noticed a two-headed ogre
  7276 | D:8      | Killed Joseph
  7707 | D:8      | Killed a two-headed ogre
  7707 | D:8      | Reached skill level 10 in Fire Magic
  8050 | D:8      | Found a staircase to the Lair.
  8390 | D:8      | Learned a level 5 spell: Fireball
  8487 | Temple   | Entered the Ecumenical Temple
  8525 | Temple   | Became a worshipper of Vehumet
  8697 | D:7      | Slain by Arum's ghost

Vault maps used:
D:1:      dpeg_arrival_pond, cheibriados_altar_1
D:4:      first_ration, minivault_26
D:5:      uniq_edmund, uniq_sigmund, uniq_eustachio
D:6:      temple_hall, uniq_prince_ribbit1, uniq_crazy_yiuf_cottage
D:7:      serial_shops, shop
D:8:      nicolae_whirlpool, lair_entry_dummy, uniq_joseph
Temple:   kilobyte_greek_temple

Skill      XL: |  1  2  3  4  5  6  7  8  9 |
---------------+----------------------------+-----
Fire Magic     | 4 5 6 8 10 | 10.2
Spellcasting   | 4 6 7 8 10 | 10.0
Conjurations   | 2 5 9 |  9.0
Dodging        | |  2.4
Stealth        | |  2.4

Action                   |  1- 3 |  4- 6 |  7- 9 || total
-------------------------+-------+-------+-------++-------
Melee: Dagger            |     5 |     7 |       ||    12
       War axe           |       |    11 |    60 ||    71
Throw: Stone             |     8 |    12 |    12 ||    32
 Cast: Flame Tongue      |    56 |    80 |   100 ||   236
       Conjure Flame     |     2 |     4 |     7 ||    13
       Throw Flame       |     1 |       |    19 ||    20
       Sticky Flame      |       |     3 |    26 ||    29
  Use: Scroll            |       |     6 |     1 ||     7
       Potion            |       |       |     1 ||     1
 Stab: Sleeping          |     2 |     5 |       ||     7
  Eat: Chunk             |     2 |     8 |    14 ||    24
Armor: Robe              |     8 |     7 |    13 ||    28
Dodge: Dodged            |    17 |    37 |    74 ||   128

Table legend:
 A = Spawn XP
 B = Non-spawn XP
 C = Spawn XP percentage of total XP
 D = Spawn monster count
 E = Non-spawn monster count
 F = Spawn count percentage of total count
 G = Total turns spent on level
                    A         B        C        D         E        F      G
               +---------+---------+-------+---------+---------+-------+---------
         Total |       0 |    5069 |   0.0 |       0 |     149 |   0.0 |  8697
               +---------+---------+-------+---------+---------+-------+---------
           D:1 |       0 |      25 |   0.0 |       0 |      14 |   0.0 |   677
           D:2 |       0 |      92 |   0.0 |       0 |      26 |   0.0 |  1175
           D:3 |       0 |     245 |   0.0 |       0 |      21 |   0.0 |  1372
           D:4 |       0 |     137 |   0.0 |       0 |      14 |   0.0 |  1116
           D:5 |       0 |     784 |   0.0 |       0 |      18 |   0.0 |   736
           D:6 |       0 |    1045 |   0.0 |       0 |      19 |   0.0 |  1686
           D:7 |       0 |     459 |   0.0 |       0 |      10 |   0.0 |   512
           D:8 |       0 |    2282 |   0.0 |       0 |      27 |   0.0 |  1352
               +---------+---------+-------+---------+---------+-------+---------
